 Dungeon Crawl Stone Soup version 0.18-a0-1685-g4482fe3 (webtiles) character file.

39 Eucla the Ruffian (level 3, 0/36 HPs)
             Began as a Troll Monk on Apr 4, 2016.
             Slain by Guenter's ghost (2 damage)
             ... on level 4 of the Dungeon.
             The game lasted 00:03:44 (1505 turns).

Eucla the Ruffian (Troll Monk)                      Turns: 1505, Time: 00:03:45

Health: 0/36       AC:  5    Str: 19    XL:     3   Next: 28%
Magic:  2/2        EV: 16    Int:  6    God:
Gold:   188        SH:  0    Dex: 18    Spells: 0 memorised, 2 levels left

rFire  . . .     SeeInvis .       - Unarmed
rCold  . . .     Gourm    +     a - +0 robe
rNeg   . . .     Faith    .     (no shield)
rPois  .         Spirit   .     (helmet restricted)
rElec  .         Dismiss  .     (no cloak)
rCorr  .         Reflect  .     (gloves unavailable)
SustAt .         Harm     .     (boots unavailable)
MR     .....                    (no amulet)
Stlth  +++.......               (no ring)
                                (no ring)

@: agile, very slightly contaminated, not resistant to hostile enchantments,
fairly stealthy
A: unfitting armour, claws 3, fast metabolism 3, gourmand, regeneration 2,
shaggy fur 1, tough skin 2
a: no special abilities


You were on level 4 of the Dungeon.
You were not hungry.

You visited 1 branch of the dungeon, and saw 4 of its levels.

You collected 188 gold pieces.

Inventory:

Hand Weapons
 t - a +0 blowgun
Missiles
 o - 5 javelins (quivered)
 s - 5 curare-tipped needles
Armour
 a - a +0 robe (worn)
Scrolls
 c - a scroll of enchant armour {unknown}
 e - a scroll of identify
 f - a scroll of blinking {unknown}
 g - a scroll of amnesia {unknown}
 j - 3 scrolls of magic mapping {unknown}
 l - a scroll of recharging {unknown}
 p - a scroll of remove curse {unknown}
 u - a scroll of enchant weapon {unknown}
Potions
 d - a potion of curing
 k - a potion of brilliance
Books
 r - a book of Summonings

   Spells                             Type                      Level
   a - Recall                         Summoning/Translocation      3
   b - Aura of Abjuration             Summoning                    5
   c - Summon Demon                   Summoning                    5
   d - Summon Forest                  Summoning/Translocation      5
   e - Summon Mana Viper              Hexes/Summoning              5
   f - Shadow Creatures               Summoning                    6
Comestibles
 b - 3 bread rations
 m - a meat ration
 q - a royal jelly


   Skills:
 + Level 2.8 Fighting
 + Level 2.7 Dodging
 - Level 1.1 Stealth
 * Level 4.5 Unarmed Combat


You had 2 spell levels left.
You didn't know any spells.

Dungeon Overview and Level Annotations

Branches:
Dungeon (4/15)
 Temple: D:4-7

Altars:
Sif Muna
Xom
Zin
The Shining One

Annotations:
D:4 Guenter's ghost, novice FoFi


Innate Abilities, Weirdness & Mutations

You are too large for most types of armour.
You have claws for hands.
Your metabolism is lightning-fast.
You like to eat raw meat.
You heal very quickly.
You are covered in fur (AC +1).
You have very tough skin (AC +2).


Message History

Guenter's ghost is lightly damaged.
Guenter's ghost misses you.
You scratch Guenter's ghost but do no damage.
You claw Guenter's ghost!
Guenter's ghost is moderately damaged.
Guenter's ghost hits you but does no damage.
You scratch Guenter's ghost but do no damage.
Guenter's ghost is moderately damaged.
Guenter's ghost hits you!
You scratch Guenter's ghost but do no damage.
Guenter's ghost is moderately damaged.
Guenter's ghost barely misses you.
You claw Guenter's ghost! You claw Guenter's ghost.
Guenter's ghost is heavily damaged.
Guenter's ghost hits you!
* * * LOW HITPOINT WARNING * * *
You scratch Guenter's ghost.
Guenter's ghost is heavily damaged.
Guenter's ghost hits you.
You die...

........#######+#####.........
........#..#........#.........
........#..#........#.........
........#..'........#.........
........#..#........#.........
........'..#<.......#.........
.)......#######'#####.........
................W..........###
...............@...........#
...........................#
...........................#
...........................#
..........................#
#####....###+#####.. #....# ..
#....# #....


You could see Guenter's ghost.

Vanquished Creatures
  An ooze (D:2)
  2 giant geckos (D:1)
  A goblin (D:1)
  7 hobgoblins
  4 jackals (D:3)
  A ball python (D:1)
  4 bats
  3 giant newts
  6 kobolds
  3 rats
32 creatures vanquished.

Notes
Turn   | Place    | Note
--------------------------------------------------------------
     0 | D:1      | Eucla the Troll Monk began the quest for the Orb.
     0 | D:1      | Reached XP level 1. HP: 22/22 MP: 0/0
   322 | D:1      | Reached XP level 2. HP: 29/29 MP: 1/1
   702 | D:1      | Found a deep blue altar of Sif Muna.
   909 | D:3      | Found a glowing silver altar of Zin.
   909 | D:3      | Found a shimmering altar of Xom.
   911 | D:3      | Noticed an angel
  1013 | D:3      | Reached XP level 3. HP: 36/36 MP: 2/2
  1343 | D:3      | Found a deep blue altar of Sif Muna.
  1343 | D:3      | Found a glowing golden altar of the Shining One.
  1392 | D:4      | Noticed Guenter's ghost (novice FoFi)
  1504 | D:4      | HP: 1/36 [Guenter's ghost (17)]
  1505 | D:4      | Slain by Guenter's ghost

Vault maps used:
D:1:      dpeg_arrival_water_altar
D:3:      grunt_temple_overflow_order_and_chaos_1,
          gammafunk_temple_overflow_elements
D:4:      serial_shops, kennysheep_mini_moat

Action                   || total
-------------------------++-------
Melee: Unarmed           ||    86
  Use: Potion            ||     5
       Scroll            ||     3
 Stab: Sleeping          ||     2
  Eat: Chunk             ||    13
